[Event "January 9 Early 2024"]
[Site "https://www.chess.com"]
[Date "2024.01.11"]
[Round "1"]
[White "Rakhmatullaev, Almas"]
[Black "Ovezdurdyyeva, Jemal"]
[Result "1-0"]
[Board "184"]
[TimeControl "180+1"]
[WhiteFideId "14205793"]
[BlackFideId "14001888"]
[WhiteElo "2830"]
[BlackElo "2451"]
[WhiteTeam "UZB"]
[BlackTeam "TKM"]
[WhiteClock "0:00:37"]
[BlackClock "0:00:10"]

1. e4 d6 2. d4 Nf6 3. Nc3 c6 4. f4 g6 5. Nf3 Bg7 6. Bd3 O-O 7. O-O b5 8. a3 Nbd7 9. Kh1 e5 10. fxe5 dxe5 11. Bg5 exd4 12. Nxd4 Qb6 13. Be3 Qc7 14. Bf4 Qb6 15. Nf3 Ng4 16. Qe2 Nge5 17. Be3 Qc7 18. Nd4 a6 19. Rad1 c5 20. Nd5 Qb7 21. Nxb5 axb5 22. Bxb5 c4 23. a4 Qb8 24. Bf4 Qa7 25. b4 Ba6 26. Bxd7 Nxd7 27. b5 Bc8 28. Bd6 Qxa4 29. Bxf8 Nxf8 30. Nb6 Qa7 31. Nxa8 Qxa8 32. b6 Qc6 33. Rb1 Bb7 34. Qf3 Ne6 35. Qxf7+ Kh8 36. Qe7 h5 37. Rf7 Bc8 38. b7 1-0

[Event "January 9 Early 2024"]
[Site "https://www.chess.com"]
[Date "2024.01.11"]
[Round "1"]
[White "McCoy, Owen"]
[Black "Chemin, Justo Reinaldo"]
[Result "1-0"]
[Board "185"]
[TimeControl "180+1"]
[WhiteFideId "30924502"]
[BlackFideId "2101580"]
[WhiteElo "2591"]
[BlackElo "2216"]
[WhiteTeam "USA"]
[BlackTeam "BRA"]
[WhiteClock "0:00:09"]
[BlackClock "0:00:03"]

1. d4 d5 2. c4 c6 3. Nf3 e6 4. g3 dxc4 5. Bg2 Nf6 6. Ne5 Bb4+ 7. Nc3 Nd5 8. O-O Nxc3 9. bxc3 Bxc3 10. Ba3 Qxd4 11. Nxc4 Qxc4 12. Qd6 Bf6 13. Rac1 Qd4 14. Qc7 Qd8 15. Qf4 Nd7 16. Bd6 e5 17. Qe3 Be7 18. Bxe5 Nxe5 19. Qxe5 O-O 20. Rfd1 Qe8 21. Rc4 Bf6 22. Qc5 Be6 23. Re4 Rd8 24. Rc1 b6 25. Qc2 Qd7 26. Rf4 Bd5 27. e4 Be6 28. h4 Be5 29. Rf3 Qd2 30. Ra3 Qxc2 31. Rxc2 1-0

[Event "January 9 Early 2024"]
[Site "https://www.chess.com"]
[Date "2024.01.11"]
[Round "1"]
[White "Derjabin, Ilja"]
[Black "Duda, Jan-Krzysztof"]
[Result "0-1"]
[Board "186"]
[TimeControl "180+1"]
[WhiteFideId "14104768"]
[BlackFideId "1170546"]
[WhiteElo "2523"]
[BlackElo "3040"]
[WhiteTeam "UKR"]
[BlackTeam "POL"]
[WhiteClock "0:00:02"]
[BlackClock "0:00:30"]

1. d4 Nf6 2. c4 g6 3. Nc3 d6 4. e4 Bg7 5. Nge2 O-O 6. Ng3 h5 7. Be2 h4 8. Nf1 h3 9. g4 e5 10. d5 Nh7 11. Ng3 Na6 12. Be3 Qh4 13. Qd2 Bxg4 14. f3 Bd7 15. Rg1 Bf6 16. O-O-O Bg5 17. Kb1 Kh8 18. Rdf1 Nc5 19. f4 exf4 20. Rxf4 Bxf4 21. Bxf4 Rae8 22. Bf3 f6 23. b4 Ng5 24. Bh1 Na4 25. Nxa4 Bxa4 26. Re1 Qg4 27. Rf1 Kg8 28. Qd4 b6 29. b5 a6 30. bxa6 Bd7 31. a7 Ra8 32. Bxg5 Qxg5 33. Nf5 Kf7 34. Rg1 Qf4 35. Ne3 Rxa7 36. Qd3 Qe5 37. Bf3 Rxa2 38. Kxa2 Ra8+ 39. Kb3 Ba4+ 40. Ka3 Bc2+ 0-1

[Event "January 9 Early 2024"]
[Site "https://www.chess.com"]
[Date "2024.01.11"]
[Round "1"]
[White "Parpiev, Isaak"]
[Black "Marchesich, Giovanni"]
[Result "1/2-1/2"]
[Board "187"]
[TimeControl "180+1"]
[WhiteFideId "34281576"]
[BlackFideId "2824790"]
[WhiteElo "2694"]
[BlackElo "2375"]
[WhiteTeam "RUS"]
[BlackTeam "ITA"]
[WhiteClock "0:00:59"]
[BlackClock "0:00:08"]

1. e4 g6 2. d4 Bg7 3. Nc3 d5 4. exd5 Nf6 5. Bc4 O-O 6. Nge2 Nbd7 7. O-O Nb6 8. Bb3 Nfxd5 9. Nxd5 Nxd5 10. c4 Nb6 11. Be3 c6 12. Qd2 Be6 13. Rac1 Qd7 14. Rfd1 Rad8 15. a4 Bf5 16. a5 Nc8 17. d5 cxd5 18. cxd5 Qb5 19. Nd4 Bxd4 20. Qxd4 Qxb3 21. Bh6 f6 22. Bxf8 Kxf8 23. h4 a6 24. h5 Nd6 25. h6 Kf7 26. Re1 Nb5 27. Qb6 Qxd5 28. Rcd1 Qxd1 29. Rxd1 Rxd1+ 30. Kh2 Rd7 31. Qc5 Nd6 32. f3 g5 33. g4 Bg6 34. Qd5+ e6 35. Qc5 Ke7 36. Kg3 f5 37. Qe5 f4+ 38. Kh3 Nf7 39. Qc5+ Kd8 40. Qf8+ Kc7 41. Qc5+ Kb8 42. Qf8+ Kc7 43. b4 Rd3 44. Kg2 Rd2+ 45. Kf1 Rd3 46. Ke2 Rd6 47. Qe7+ Kc8 48. Ke1 Kb8 49. Qe8+ Ka7 50. Qe7 Rc6 51. Kd2 Ne5 52. Ke2 Rc2+ 53. Kd1 Nxf3 54. Qxe6 Rd2+ 55. Kc1 Rc2+ 56. Kd1 Rd2+ 57. Kc1 Rc2+ 58. Kd1 1/2-1/2

[Event "January 9 Early 2024"]
[Site "https://www.chess.com"]
[Date "2024.01.11"]
[Round "1"]
[White "Wojtaszek, Radoslaw"]
[Black "Karavade, Eesha"]
[Result "1-0"]
[Board "188"]
[TimeControl "180+1"]
[WhiteFideId "1118358"]
[BlackFideId "5012600"]
[WhiteElo "2834"]
[BlackElo "2442"]
[WhiteTeam "POL"]
[BlackTeam "IND"]
[WhiteClock "0:00:22"]
[BlackClock "0:00:23"]

1. e4 c5 2. Nf3 d6 3. Bb5+ Nd7 4. O-O Nf6 5. Re1 g6 6. c3 Bg7 7. d4 a6 8. Bf1 e5 9. dxe5 Nxe5 10. Nxe5 dxe5 11. Qxd8+ Kxd8 12. a4 Kc7 13. Na3 Be6 14. Bc4 Rhe8 15. Bxe6 Rxe6 16. a5 Rd8 17. f3 Ne8 18. Be3 Bf8 19. Nc4 Nd6 20. Nb6 Kc6 21. Red1 Ree8 22. Rd5 Nc8 23. Rad1 Rxd5 24. exd5+ Kc7 25. Na4 e4 26. Bxc5 Bxc5+ 27. Nxc5 exf3 28. gxf3 Re2 29. b4 Nd6 30. Rd3 h5 31. h4 f5 32. Ne6+ Kd7 33. Nf4 Rc2 34. Nxg6 Nc4 35. Nf4 Kd6 36. Nxh5 Ne5 37. Re3 Kxd5 38. Nf4+ Kd6 39. h5 Nc4 40. Re6+ Kd7 41. h6 Nd2 42. Re3 1-0

[Event "January 9 Early 2024"]
[Site "https://www.chess.com"]
[Date "2024.01.11"]
[Round "1"]
[White "Lu, Shanglei"]
[Black "Fiedorek, Michal"]
[Result "1-0"]
[Board "189"]
[TimeControl "180+1"]
[WhiteFideId "8603332"]
[BlackFideId "1199528"]
[WhiteElo "2932"]
[BlackElo "2494"]
[WhiteTeam "CHN"]
[BlackTeam "POL"]
[WhiteClock "0:00:09"]
[BlackClock "0:00:03"]

1. e4 c5 2. Nf3 d6 3. d4 cxd4 4. Nxd4 Nf6 5. f3 e5 6. Nb3 Be7 7. c4 a5 8. Be3 a4 9. N3d2 Nc6 10. Nc3 a3 11. b3 Qa5 12. Rc1 O-O 13. Be2 Nd4 14. O-O Be6 15. Kh1 Bd8 16. Nd5 Bxd5 17. cxd5 b5 18. Bxd4 exd4 19. Bd3 Nd7 20. f4 Nc5 21. Nf3 Re8 22. e5 Bb6 23. Bxh7+ Kxh7 24. Ng5+ Kg6 25. Qg4 f5 26. exf6 Kxf6 27. Nh7+ Kf7 28. Qf5+ Kg8 29. Ng5 Qa7 30. Qh7+ Kf8 31. Rce1 Re3 32. f5 Nd3 33. f6 g6 34. Qh8# 1-0

[Event "January 9 Early 2024"]
[Site "https://www.chess.com"]
[Date "2024.01.11"]
[Round "1"]
[White "Ioannidis, Evgenios"]
[Black "Martinez Martin, David"]
[Result "1-0"]
[Board "190"]
[TimeControl "180+1"]
[WhiteFideId "4229274"]
[BlackFideId "2209748"]
[WhiteElo "2795"]
[BlackElo "2436"]
[WhiteTeam "GRE"]
[BlackTeam "ESP"]
[WhiteClock "0:00:07"]
[BlackClock "0:00:01"]

1. d4 Nf6 2. c4 e6 3. Nc3 d5 4. cxd5 exd5 5. Bg5 c6 6. e3 Be7 7. Bd3 Nbd7 8. h3 O-O 9. Bf4 Re8 10. Nf3 Nf8 11. Ne5 Bd6 12. Bg3 Ng6 13. f4 Qb6 14. Qd2 Bb4 15. O-O Ne4 16. Bxe4 dxe4 17. Qc2 Bf5 18. Bf2 Nxe5 19. fxe5 Bg6 20. Kh1 Rac8 21. Bh4 Qa6 22. Qb3 Bf8 23. Rf4 c5 24. Raf1 cxd4 25. exd4 Qd3 26. Nxe4 Qxb3 27. axb3 Rc6 28. Ng5 Rc2 29. Nxf7 Rxb2 30. Nd6 Rb8 31. R4f3 Rc2 32. Nf5 Rd2 33. Bg5 1-0

[Event "January 9 Early 2024"]
[Site "https://www.chess.com"]
[Date "2024.01.11"]
[Round "1"]
[White "Xie, Bryan"]
[Black "Weetik, Vjacheslav"]
[Result "0-1"]
[Board "191"]
[TimeControl "180+1"]
[WhiteFideId "30941296"]
[BlackFideId "4153472"]
[WhiteElo "2424"]
[BlackElo "2763"]
[WhiteTeam "USA"]
[BlackTeam "RUS"]
[WhiteClock "0:00:01"]
[BlackClock "0:00:04"]

1. e4 c6 2. d4 d5 3. e5 Bf5 4. Nf3 e6 5. Bd3 Bg6 6. O-O Nd7 7. Re1 Ne7 8. Bg5 Qb6 9. Bxg6 hxg6 10. Nbd2 Nf5 11. c3 c5 12. g4 Ne7 13. Rb1 Nc6 14. Nf1 cxd4 15. cxd4 Be7 16. Bxe7 Nxe7 17. Qd2 Nc6 18. b4 Qd8 19. b5 Na5 20. Ne3 Rc8 21. Rec1 b6 22. a4 O-O 23. Rxc8 Qxc8 24. Rc1 Qd8 25. Qc3 f6 26. exf6 Qxf6 27. Ne1 Qxf2+ 28. Kh1 Nf6 29. Rc2 Qf4 30. N1g2 Qf3 31. Qc7 Nxg4 0-1

[Event "January 9 Early 2024"]
[Site "https://www.chess.com"]
[Date "2024.01.11"]
[Round "1"]
[White "Samunenkov, Ihor"]
[Black "Albuquerque Junior,Wellington S."]
[Result "1-0"]
[Board "192"]
[TimeControl "180+1"]
[WhiteFideId "14187086"]
[BlackFideId "2151480"]
[WhiteElo "2754"]
[BlackElo "2408"]
[WhiteTeam "UKR"]
[BlackTeam "BRA"]
[WhiteClock "0:00:16"]
[BlackClock "0:00:05"]

1. e4 c5 2. Nf3 d6 3. d4 cxd4 4. Nxd4 Nf6 5. Nc3 Nc6 6. f3 e5 7. Nb3 Be7 8. Be3 Be6 9. Nd5 O-O 10. c3 Rc8 11. Qd2 a6 12. Be2 Bxd5 13. exd5 Na5 14. Nxa5 Qxa5 15. c4 Qxd2+ 16. Kxd2 b5 17. Rhc1 bxc4 18. Bxc4 a5 19. b3 Rb8 20. a4 Rfc8 21. Rc2 h6 22. Rac1 Bd8 23. Ke2 Bb6 24. Bd2 Rc5 25. b4 Rcc8 26. bxa5 Bc5 27. a6 e4 28. fxe4 Nxe4 29. Ba5 Re8 30. Kf1 Rec8 31. Bb5 Nf6 32. Bc6 Rb3 33. Rxc5 dxc5 34. a7 Ra3 35. d6 1-0

[Event "January 9 Early 2024"]
[Site "https://www.chess.com"]
[Date "2024.01.11"]
[Round "1"]
[White "Matta, Nicholas"]
[Black "Bluebaum, Matthias"]
[Result "0-1"]
[Board "193"]
[TimeControl "180+1"]
[WhiteFideId "30914523"]
[BlackFideId "24651516"]
[WhiteElo "2526"]
[BlackElo "3078"]
[WhiteTeam "USA"]
[BlackTeam "GER"]
[WhiteClock "0:00:14"]
[BlackClock "0:00:55"]

1. Nf3 d5 2. g3 e6 3. Bg2 Nf6 4. O-O Bd6 5. d4 O-O 6. c4 Nc6 7. b3 dxc4 8. bxc4 e5 9. c5 Be7 10. dxe5 Qxd1 11. Rxd1 Ne4 12. Nbd2 Nxc5 13. Ba3 Bg4 14. Rac1 Ne6 15. Bxe7 Nxe7 16. h3 Bh5 17. g4 Bg6 18. Nh4 c6 19. Nc4 Rfd8 20. Nd6 Rab8 21. e3 f6 22. Nhf5 Kf8 23. exf6 gxf6 24. f4 Bxf5 25. gxf5 Nc7 26. e4 Ncd5 27. Nxb7 Rxb7 28. exd5 cxd5 29. Rc6 Rb6 30. Rc7 a6 31. Ra7 Rbd6 32. Bf1 Nxf5 33. Rxa6 Rxa6 34. Bxa6 Ke7 35. Bd3 Ne3 36. Re1 d4 37. Bxh7 Rh8 38. Bf5 Kd6 39. Bg4 f5 40. Be2 Rxh3 41. a4 Nd5 42. a5 Ra3 43. a6 Nxf4 44. Bf1 d3 45. Rd1 Ke5 46. a7 Kd4 47. Kf2 Rxa7 48. Kf3 Ne6 49. Bxd3 Ke5 50. Bxf5 Kxf5 51. Rd5+ Kf6 52. Rh5 Ra3+ 53. Ke4 Ra4+ 54. Ke3 Ng5 55. Rh6+ Ke5 56. Rb6 Ra3+ 57. Ke2 Ne4 58. Rb5+ Kf4 59. Rb4 Re3+ 60. Kf1 Kf3 61. Rb2 Ng3+ 62. Kg1 Re1+ 0-1

[Event "January 9 Early 2024"]
[Site "https://www.chess.com"]
[Date "2024.01.11"]
[Round "1"]
[White "Timerkhanov, Alexander"]
[Black "Santeramo, Alessia Carmen"]
[Result "1-0"]
[Board "194"]
[TimeControl "180+1"]
[WhiteFideId "24177938"]
[BlackFideId "850810"]
[WhiteElo "2657"]
[BlackElo "2323"]
[WhiteTeam "RUS"]
[BlackTeam "ITA"]
[WhiteClock "0:00:26"]
[BlackClock "0:00:01"]

1. d4 Nf6 2. Bg5 d5 3. Nd2 Nbd7 4. Ngf3 h6 5. Bh4 g5 6. Bg3 Bg7 7. e3 a6 8. Ne5 c5 9. c3 b5 10. h4 Nxe5 11. Bxe5 c4 12. hxg5 hxg5 13. Rxh8+ Bxh8 14. e4 Bg4 15. Be2 Bxe2 16. Qxe2 Qd7 17. a4 O-O-O 18. axb5 Qxb5 19. exd5 Nxd5 20. Qxc4+ Qxc4 21. Nxc4 Bxe5 22. Nxe5 f6 23. Nd3 Rd6 24. Kd2 Kb7 25. Nc5+ Ka7 26. b4 Nf4 27. b5 Nxg2 28. bxa6 e5 29. Kd3 Nf4+ 30. Kc4 exd4 31. cxd4 Ne6 32. d5 Nf4 33. Rh1 Nxd5 34. Rh7+ Ka8 35. Kb5 Nc3+ 36. Ka5 Nd5 37. Nd7 Nc7 38. Nb6+ Kb8 39. Rh8+ Ka7 40. Nc8+ Kb8 41. Nxd6+ 1-0

[Event "January 9 Early 2024"]
[Site "https://www.chess.com"]
[Date "2024.01.11"]
[Round "1"]
[White "Delgado Kuffo, Andres"]
[Black "Papasimakopoulos, Alexandros"]
[Result "0-1"]
[Board "195"]
[TimeControl "180+1"]
[WhiteFideId "3600475"]
[BlackFideId "4244125"]
[WhiteElo "2309"]
[BlackElo "2648"]
[WhiteTeam "ECU"]
[BlackTeam "GRE"]
[WhiteClock "0:00:02"]
[BlackClock "0:00:13"]

1. e4 e6 2. d4 d5 3. e5 c5 4. c3 Nc6 5. Nf3 Bd7 6. a3 f6 7. Bb5 Nxe5 8. Nxe5 fxe5 9. Qh5+ g6 10. Qxe5 Qf6 11. Qc7 Bxb5 12. Qxb7 Bd3 13. Qxa8+ Kf7 14. Nd2 Qg5 15. Rg1 Qe7 16. Nf3 Ba6 17. Bg5 Nf6 18. Ne5+ Kg7 19. Nc6 Qc7 20. Qxa7 Qxa7 21. Nxa7 Bd6 22. Nc6 Ne4 23. Be3 c4 24. f3 Nf6 25. Kd2 Bxh2 26. Rh1 Bg3 27. Rh3 Bd6 28. Ne5 Rb8 29. Bh6+ Kg8 30. Rb1 Bb5 31. Bg5 Nh5 32. g4 Ng7 33. Bf6 Ba4 0-1

[Event "January 9 Early 2024"]
[Site "https://www.chess.com"]
[Date "2024.01.11"]
[Round "1"]
[White "Essing, Arnold"]
[Black "Korchynskyi, Mykola"]
[Result "0-1"]
[Board "196"]
[TimeControl "180+1"]
[WhiteFideId "4619862"]
[BlackFideId "34138005"]
[WhiteElo "2259"]
[BlackElo "2615"]
[WhiteTeam "GER"]
[BlackTeam "UKR"]
[WhiteClock "0:00:05"]
[BlackClock "0:00:15"]

1. d4 d5 2. Nf3 Nf6 3. c4 e6 4. Nc3 Be7 5. Bg5 O-O 6. e3 b6 7. Bd3 dxc4 8. Bxc4 Bb7 9. O-O Nbd7 10. Qe2 Ne4 11. Nxe4 Bxe4 12. Bf4 Nf6 13. Ne5 Bd6 14. Rfd1 Qe7 15. Ba6 Bxe5 16. Bxe5 Rfd8 17. f3 Bg6 18. Rac1 Nd5 19. Bb7 Rab8 20. Bxd5 Rxd5 21. Rxc7 Qe8 22. Rdc1 h6 23. Qa6 Ra5 24. Qc4 Kh7 25. a3 Qd8 26. Qc6 Qg5 27. Bf4 Qf5 28. Rc8 Rxc8 29. Qxc8 Rb5 30. b4 Qd3 31. h3 Qxa3 32. Rc7 Rxb4 33. Qd8 Rb1+ 34. Kh2 Qa1 35. Rc8 Rh1+ 36. Kg3 Qe1+ 37. Kg4 Bf5+ 38. Kh5 g6# 0-1

[Event "January 9 Early 2024"]
[Site "https://www.chess.com"]
[Date "2024.01.11"]
[Round "1"]
[White "Srihari L R"]
[Black "Filippova, Margarita"]
[Result "1-0"]
[Board "197"]
[TimeControl "180+1"]
[WhiteFideId "46617116"]
[BlackFideId "34199680"]
[WhiteElo "2674"]
[BlackElo "2348"]
[WhiteTeam "IND"]
[BlackTeam "RUS"]
[WhiteClock "0:00:40"]
[BlackClock "0:00:14"]

1. Nf3 d5 2. g3 Nf6 3. Bg2 e6 4. O-O Be7 5. b3 O-O 6. Bb2 b6 7. c4 Bb7 8. e3 c5 9. Qe2 Nc6 10. Rd1 Rc8 11. cxd5 exd5 12. d4 Ne4 13. Nbd2 f5 14. dxc5 bxc5 15. Nxe4 fxe4 16. Nd2 Qb6 17. Nb1 Rcd8 18. Nc3 Nb4 19. Na4 Qg6 20. Ba3 Nd3 21. f4 exf3 22. Qxd3 Qxd3 23. Rxd3 fxg2 24. Bxc5 Rf1+ 25. Rxf1 gxf1=Q+ 26. Kxf1 Ba6 27. Bxe7 Bxd3+ 28. Ke1 Re8 29. Bc5 a6 30. Kd2 Be4 31. Kc3 Re6 32. Bd4 Rh6 33. h4 Rc6+ 34. Nc5 Rc8 35. b4 Kf7 36. Be5 Rc6 37. Kd4 h5 38. a4 g6 39. Kc3 Rc8 40. Kd4 Rc6 41. Bf4 Kf6 42. b5 axb5 43. axb5 Rc8 44. b6 Ke7 45. b7 Rxc5 46. Kxc5 d4 47. b8=Q 1-0

[Event "January 9 Early 2024"]
[Site "https://www.chess.com"]
[Date "2024.01.11"]
[Round "1"]
[White "Tomb, Maroun"]
[Black "Michalski, Olaf"]
[Result "1-0"]
[Board "198"]
[TimeControl "180+1"]
[WhiteFideId "5300398"]
[BlackFideId "1106740"]
[WhiteElo "2567"]
[BlackElo "2163"]
[WhiteTeam "LBN"]
[BlackTeam "POL"]
[WhiteClock "0:00:14"]
[BlackClock "0:00:02"]

1. e4 c5 2. Ne2 a6 3. c4 Nc6 4. Nbc3 e5 5. d3 d6 6. g3 g6 7. Bg2 Bg7 8. f4 Nge7 9. O-O O-O 10. h3 Nd4 11. g4 exf4 12. Nxf4 Nec6 13. Nfd5 Be6 14. Be3 b5 15. Qd2 bxc4 16. dxc4 Ne5 17. b3 Rb8 18. Bh6 Qh4 19. Bg5 Qg3 20. Qe3 Qxe3+ 21. Bxe3 Nc2 22. Rad1 Nxe3 23. Nxe3 Nxg4 24. Nxg4 Bxc3 25. Rxd6 Bd4+ 26. Kh1 h5 27. Nf6+ Kg7 28. Nd5 a5 29. Ra6 Ra8 30. Rxa8 Rxa8 31. Nc7 Ra7 32. Nb5 Rd7 33. Rd1 a4 34. Nxd4 cxd4 35. e5 axb3 36. axb3 f6 37. exf6+ Kxf6 38. c5 Bxb3 39. Rd2 1-0

[Event "January 9 Early 2024"]
[Site "https://www.chess.com"]
[Date "2024.01.11"]
[Round "1"]
[White "Mena, Martin"]
[Black "Senft, Sean"]
[Result "0-1"]
[Board "199"]
[TimeControl "180+1"]
[WhiteFideId "10651225"]
[BlackFideId "2044960"]
[WhiteElo "2080"]
[BlackElo "2551"]
[WhiteTeam "EGY"]
[BlackTeam "USA"]
[WhiteClock "0:00:03"]
[BlackClock "0:00:17"]

1. c4 c6 2. d4 d5 3. Nf3 Nf6 4. Nc3 a6 5. c5 Nbd7 6. Bf4 Nh5 7. Bg3 g6 8. e3 Bg7 9. Be2 O-O 10. Rb1 a5 11. a3 Re8 12. O-O Nxg3 13. hxg3 e5 14. b4 axb4 15. axb4 exd4 16. exd4 Nf6 17. Ne5 Bf5 18. Bd3 Bxd3 19. Qxd3 Ra3 20. Qd2 Qa8 21. b5 Qa5 22. Rfc1 Qc7 23. bxc6 bxc6 24. Rb6 Ne4 25. Nxe4 dxe4 26. Rxc6 Qd8 27. Rd6 Qa8 28. Nc4 Ra2 29. Rc2 Ra1+ 30. Kh2 Qc8 31. Qf4 Rd1 32. Ne5 Rf8 33. d5 Qb8 34. Nd7 Qb1 35. g4 Rh1+ 36. Kg3 Qxc2 37. Nxf8 Qc3+ 38. f3 Qe1# 0-1

[Event "January 9 Early 2024"]
[Site "https://www.chess.com"]
[Date "2024.01.11"]
[Round "1"]
[White "Makarian, Rudik"]
[Black "Iljin, Timofey"]
[Result "1-0"]
[Board "200"]
[TimeControl "180+1"]
[WhiteFideId "44105681"]
[BlackFideId "14110180"]
[WhiteElo "3085"]
[BlackElo "2528"]
[WhiteTeam "FID"]
[BlackTeam "UKR"]
[WhiteClock "0:00:33"]
[BlackClock "0:00:07"]

1. d4 f5 2. g3 Nf6 3. Bg2 g6 4. c4 Bg7 5. Nc3 O-O 6. Nh3 d6 7. d5 e5 8. dxe6 c6 9. O-O Bxe6 10. b3 Na6 11. Bb2 Nc5 12. Ng5 Bc8 13. Qc2 h6 14. Nf3 Be6 15. Rad1 Qc7 16. Nd4 Bf7 17. b4 Ne6 18. Nxe6 Bxe6 19. Qd3 Rad8 20. a3 Rfe8 21. e3 Ng4 22. Na4 Ne5 23. Bxe5 dxe5 24. Qc2 e4 25. Nc5 Bc8 26. Nb3 b6 27. Rfe1 Be6 28. Nd4 Bf7 29. c5 b5 30. h4 Bc4 31. Bf1 Bd5 32. Ne2 Qf7 33. Qb1 g5 34. hxg5 hxg5 35. Bg2 Bc4 36. Rxd8 Rxd8 37. g4 Bd3 38. Qc1 f4 39. exf4 gxf4 40. Qxf4 Bxe2 41. Qxf7+ Kxf7 42. Rxe2 Rd1+ 43. Kh2 Ra1 44. Bxe4 Rxa3 45. Bxc6 a6 46. Bb7 Rb3 47. Bd5+ 1-0

[Event "January 9 Early 2024"]
[Site "https://www.chess.com"]
[Date "2024.01.11"]
[Round "1"]
[White "Arabidze, Meri"]
[Black "Evdokimov, Alexey"]
[Result "1-0"]
[Board "201"]
[TimeControl "180+1"]
[WhiteFideId "13604040"]
[BlackFideId "24162450"]
[WhiteElo "2730"]
[BlackElo "2402"]
[WhiteTeam "GEO"]
[BlackTeam "RUS"]
[WhiteClock "0:00:16"]
[BlackClock "0:00:11"]

1. Nf3 Nf6 2. d4 d5 3. c4 e6 4. Nc3 Be7 5. Bg5 O-O 6. e3 Nbd7 7. Qc2 a6 8. Rd1 dxc4 9. Bxc4 b5 10. Bd3 Bb7 11. O-O h6 12. Bh4 Rc8 13. a4 b4 14. Ne4 Nxe4 15. Bxe7 Qxe7 16. Bxe4 Bxe4 17. Qxe4 Nf6 18. Qb7 Rb8 19. Qxa6 Rb6 20. Qc4 b3 21. Rc1 Nd5 22. Ne5 Ra8 23. a5 Rxa5 24. Nc6 Rxc6 25. Qxc6 Ra2 26. Rb1 Qg5 27. Qc4 h5 28. Qxb3 Ra8 29. h3 Rd8 30. Ra1 e5 31. dxe5 Qxe5 32. Rfd1 Kh7 33. Qc2+ g6 34. Ra5 c6 35. Raa1 Rd6 36. e4 Nb4 37. Qc3 Rxd1+ 38. Rxd1 Qxe4 39. Rd8 Kh6 40. h4 Qxh4 41. Rd4 Qd8 42. Rxd8 1-0

[Event "January 9 Early 2024"]
[Site "https://www.chess.com"]
[Date "2024.01.11"]
[Round "1"]
[White "Bardyk, Artem"]
[Black "Foisor, Sabina-Francesca"]
[Result "1/2-1/2"]
[Board "202"]
[TimeControl "180+1"]
[WhiteFideId "34349979"]
[BlackFideId "1212915"]
[WhiteElo "2768"]
[BlackElo "2447"]
[WhiteTeam "RUS"]
[BlackTeam "USA"]
[WhiteClock "0:00:37"]
[BlackClock "0:00:22"]

1. e4 c6 2. Nf3 d5 3. exd5 cxd5 4. Ne5 a6 5. d4 Nf6 6. c3 Bf5 7. Qb3 Qc8 8. Nd2 e6 9. Be2 Bd6 10. O-O O-O 11. Ndf3 Nc6 12. Bf4 Qc7 13. Bg3 Ne4 14. Nxc6 bxc6 15. Bxd6 Qxd6 16. Qd1 a5 17. Nd2 a4 18. Nxe4 Bxe4 19. b4 axb3 20. axb3 c5 21. Rxa8 Rxa8 22. c4 dxc4 23. dxc5 Qxd1 24. Bxd1 Rc8 25. bxc4 Bd3 26. Re1 Bxc4 27. Bf3 Rxc5 28. Rc1 Rc8 29. h4 g6 30. Kh2 Kg7 31. Kg3 Ba6 32. Ra1 Bd3 33. Ra7 Bf5 34. Kf4 h5 35. Ke5 Rc2 36. Kd6 Rxf2 37. Ke7 Rb2 38. Bc6 e5 39. Bd5 Be6 40. Bxe6 fxe6 41. Kxe6+ Kh6 42. Kxe5 Rxg2 43. Ra4 Rg4 44. Rxg4 hxg4 45. Kf4 Kh5 46. Kg3 g5 47. hxg5 Kxg5 48. Kg2 Kf4 49. Kf2 g3+ 50. Kg2 Kg4 51. Kg1 Kf3 52. Kf1 Kf4 53. Kg2 Kg4 54. Kg1 Kh4 55. Kg2 Kg4 1/2-1/2

[Event "January 9 Early 2024"]
[Site "https://www.chess.com"]
[Date "2024.01.11"]
[Round "1"]
[White "Kostiukov, Alexandr"]
[Black "Principe, Gerson"]
[Result "0-1"]
[Board "203"]
[TimeControl "180+1"]
[WhiteFideId "14108100"]
[BlackFideId "3804550"]
[WhiteElo "2304"]
[BlackElo "2647"]
[WhiteTeam "UKR"]
[BlackTeam "PER"]
[WhiteClock "0:00:10"]
[BlackClock "0:00:26"]

1. g3 d5 2. Bg2 c6 3. d3 Nf6 4. e4 e6 5. e5 Nfd7 6. Qe2 Be7 7. Nf3 O-O 8. O-O Re8 9. c4 f6 10. d4 f5 11. Nc3 Nf8 12. cxd5 cxd5 13. h4 a6 14. Ng5 g6 15. Be3 Nc6 16. Rad1 Kg7 17. Qd2 Bd7 18. Kh2 Rc8 19. Nh3 Kg8 20. h5 b5 21. hxg6 hxg6 22. Rh1 b4 23. Ne2 Na5 24. b3 Qc7 25. Rc1 Qb7 26. Bg5 Bb5 27. Nef4 Rxc1 28. Rxc1 Bxg5 29. Nxg5 Qe7 30. Nfh3 Nc6 31. f4 Rc8 32. Bf1 Bxf1 33. Rxf1 Na7 34. Nf2 Nb5 35. Qe3 Rc3 36. Qe2 Qc7 37. Rh1 Rc2 38. Qf3 Nxd4 39. Qg2 Qc3 40. Rf1 Qe3 41. Kg1 Ne2+ 42. Kh1 Nxg3+ 43. Kh2 Nxf1+ 0-1

[Event "January 9 Early 2024"]
[Site "https://www.chess.com"]
[Date "2024.01.11"]
[Round "1"]
[White "Khouri, Ahmed Abbas"]
[Black "Aggelis, Nikolaos"]
[Result "1-0"]
[Board "204"]
[TimeControl "180+1"]
[WhiteFideId "9301518"]
[BlackFideId "4213220"]
[WhiteElo "2224"]
[BlackElo "2562"]
[WhiteTeam "UAE"]
[BlackTeam "GRE"]
[WhiteClock "0:00:18"]
[BlackClock "0:01:22"]

1. e4 c6 2. c4 d5 3. exd5 cxd5 4. cxd5 Nf6 5. Nc3 Nxd5 6. Nf3 g6 7. Bc4 Nb6 8. Bb3 Bg7 9. h4 O-O 10. h5 Nc6 11. hxg6 hxg6 12. Ng5 Qd4 13. Qf3 Qe5+ 14. Nge4 Nd4 15. Qg3 Qxg3 16. Nxg3 Nxb3 17. axb3 Be6 18. b4 Rfd8 19. Nge4 Bc4 20. Nc5 Rd6 21. d3 Bxd3 22. Nxb7 Re6+ 23. Be3 Nc4 24. Nc5 Nxe3 25. Nxe6 Nc2+ 26. Kd2 Nxa1 27. Nxg7 Nb3+ 28. Kxd3 Rd8+ 29. Kc4 Nd2+ 30. Kb5 Rb8+ 31. Kc5 Rc8+ 32. Kb5 Rb8+ 33. Kc5 a5 34. b5 Rc8+ 35. Kb6 Kxg7 36. Kb7 Rc4 37. Rd1 Nb3 38. b6 Rb4 39. Rd5 a4 40. Ka7 Nd4 41. Rxd4 Rxd4 42. b7 Rb4 43. b8=Q Rxb8 44. Kxb8 e5 45. Nxa4 Kf6 46. b4 Ke6 47. b5 Kd6 48. b6 Kc6 49. b7 Kb5 50. Nc3+ Kc4 51. Ne4 Kd4 52. Nf6 Kd3 53. Kc7 Ke2 54. b8=Q Kxf2 55. Qf8 Kxg2 56. Qxf7 g5 57. Qg6 Kf3 58. Qxg5 e4 59. Qf5+ Kg3 60. Qxe4 Kh2 61. Qg4 Kh1 62. Kd6 Kh2 63. Ke5 Kh1 64. Kf4 Kh2 65. Kf3 Kh1 66. Qg2# 1-0

[Event "January 9 Early 2024"]
[Site "https://www.chess.com"]
[Date "2024.01.11"]
[Round "1"]
[White "Bashirli, Saadat"]
[Black "Fernandez Guillen, Ernesto J."]
[Result "0-1"]
[Board "205"]
[TimeControl "180+1"]
[WhiteFideId "13429990"]
[BlackFideId "3512428"]
[WhiteElo "2434"]
[BlackElo "2789"]
[WhiteTeam "AZE"]
[BlackTeam "CUB"]
[WhiteClock "0:00:10"]
[BlackClock "0:00:06"]

1. e4 e5 2. Nf3 Nc6 3. Bc4 g6 4. O-O Bg7 5. c3 d6 6. h3 Nge7 7. d4 exd4 8. cxd4 O-O 9. Nc3 h6 10. Be3 Kh7 11. Bd3 f5 12. exf5 Nxf5 13. Qc2 Nb4 14. Qb1 Nxd3 15. Qxd3 c6 16. Ne4 d5 17. Nc5 b6 18. Nb3 Nxe3 19. Qxe3 Bf5 20. Rac1 Rc8 21. Rfe1 Qf6 22. Ne5 Rfe8 23. g4 Be4 24. f3 c5 25. fxe4 cxd4 26. Qxd4 Rxc1 27. Rxc1 Qf4 28. Qf2 Qxe5 29. exd5 Rf8 30. Qe1 Qxd5 31. Rd1 Qc6 32. Qe3 Rf3 33. Qc1 Rg3+ 34. Kf2 Qf3+ 35. Ke1 Rg1+ 36. Kd2 Rg2+ 37. Ke1 Qf2# 0-1